 Dungeon Sprint DCSS version 0.30-a0-937-ga0a21ad780 (webtiles) character file.

Game seed: 693106300592161894

18 BigDaddyOpFi the Shield-Bearer (level 2, -5/31 HPs)
             Began as a Troll Fighter on Mar 24, 2023.
             Was a Believer of Qazlal.
             Slain by an ogre
             ... wielding a +0 giant club
              (35 damage)
             ... in the Dungeon (Sprint VII: "The Pits").
             The game lasted 00:00:29 (247 turns).

BigDaddyOpFi the Shield-Bearer (Troll Fighter)       Turns: 247, Time: 00:00:30

Health: -5/31      AC:  4    Str: 23    XL:     2   Next: 51%
Magic:  1/2        EV:  9    Int:  4    God:    Qazlal [**....]
Gold:   0          SH: 11    Dex:  9    Spells: 1/1 levels left

rFire   . . .      SeeInvis .      - Unarmed
rCold   . . .      Faith    .    b - +0 kite shield
rNeg    . . .      Spirit   .    a - +0 robe
rPois   .          Reflect  .    (helmet restricted)
rElec   .          Rampage  .    (no cloak)
rCorr   .          NoTele   +    (gloves unavailable)
Will    .....                    (boots unavailable)
Stlth   +                        (no amulet)
HPRegen 1.05/turn                (no ring)
MPRegen 0.08/turn                (no ring)

@: no status effects
A: large, unfitting armour, claws 3, regeneration 1, shaggy fur 1, tough skin 1
a: Renounce Religion, Upheaval


You were in the Dungeon.
You worshipped Qazlal.
Qazlal was pleased with you.
You visited 1 branch

Inventory:

Armour
 a - a +0 robe (worn)
 b - a +0 kite shield (worn)
Scrolls
 i - a scroll of blinking
Potions
 c - a potion of might
 d - a potion of curing
 e - a potion of heal wounds
 f - a potion of haste
 g - 4 potions of magic
 h - 3 potions of berserk rage
 j - 2 potions of invisibility


   Skills:
 + Level 3.1 Fighting
 + Level 3.1 Dodging
 + Level 3.4 Shields
 + Level 3.0 Unarmed Combat
 * Level 1.7 Invocations


You had one spell level left.
You didn't know any spells.
Your spell library was empty.

Dungeon Overview and Level Annotations

Branches:
Dungeon (1/1)

Altars:
Ashenzari
Cheibriados
Dithmenos
Elyvilon
Fedhas
Gozag
Hepliaklqana
Kikubaaqudgha
Makhleb
Nemelex Xobeh
Okawaru
Qazlal
Ru
Sif Muna
Trog
Uskayaw
Vehumet
Wu Jian
Xom
Yredelemnul
Zin
The Shining One
Jiyva
Lugonu


Innate Abilities, Weirdness & Mutations

You are too large for most types of armour.
You have claws for hands.
Your natural rate of healing is unusually fast.
You are covered in fur. (AC +1)
You have tough skin. (AC +1)


Message History

You start waiting.
You open the door.
An ufetubus and a goblin come into view.
The ufetubus shouts!
The goblin shouts!
You hear a shout! x2
There is an open door here.
An orc comes into view. It is wielding a +0 whip.
The orc shouts!
An ogre comes into view. It is wielding a +0 giant club.
The goblin closely misses you. The orc hits you with a +0 whip.
You closely miss the goblin. The ufetubus closely misses you.
You block the ufetubus's attack. You block the orc's attack.
The goblin hits you but does no damage. The ufetubus hits you.
The ufetubus barely misses you.
There is an open door here.
You block the ufetubus's attack. x2
The ufetubus hits you. The ufetubus closely misses you.
The ufetubus hits you but does no damage.
The ufetubus hits you.
There is an open door here.
The ufetubus hits you but does no damage.
You block the ufetubus's attack.
The ufetubus hits you but does no damage.
The ufetubus closely misses you.
You barely miss the ufetubus. The ufetubus hits you.
The ufetubus hits you but does no damage. x2
The ufetubus barely misses you.
You claw the ufetubus!
You kill the ufetubus!
Qazlal accepts your kill.
You can now call upon nature to destroy your foes.
Your Dodging skill increases to level 3!
You barely miss the goblin.
The goblin is engulfed in blazing flames.
You kill the goblin!
Qazlal accepts your kill.
Your Unarmed Combat skill increases to level 3!
You block the orc's attack.
The ogre hits you with a +0 giant club!!
Ouch! That really hurt!
You die...

#_________.#
#_______...###########
##########'##.........
#.?(.')))'.##......#..
##########.##.........
#..........)'.........
#+#####†#####......#..
#.O#§.# #.........
#.o@..# ####'#####
#..#### #.......#
#..#..# #.......#
#..#..# #.......#
##'#.O#+###...<...#
#........##.......#
#........##.......#
###########.......#
#########


You could see an ogre and an orc.

Vanquished Creatures
  An ufetubus (D)
  An adder zombie (D)
  An orc (D)
  A ball python (D)
  A bat skeleton (D)
  A giant cockroach (D)
  A goblin (D)
  A hobgoblin (D)
8 creatures vanquished.

Notes
Turn   | Place    | Note
-------+----------+-------------------------------------------
     0 | D        | BigDaddyOpFi the Troll Fighter began the quest for the Orb.
     0 | D        | Reached XP level 1. HP: 22/22 MP: 0/0
    18 | D        | Found a bloodstained altar of Trog.
    18 | D        | Found a shimmering blue altar of Sif Muna.
    18 | D        | Found a viscous altar of Jiyva.
    18 | D        | Found a hazy altar of Hepliaklqana.
    18 | D        | Found an opulent altar of Gozag.
    19 | D        | Found a glowing golden altar of the Shining One.
    19 | D        | Found a glowing silver altar of Zin.
    19 | D        | Found a basalt altar of Yredelemnul.
    19 | D        | Found a shimmering altar of Xom.
    19 | D        | Found an ornate altar of the Wu Jian Council.
    19 | D        | Found a sacrificial altar of Ru.
    19 | D        | Found a stormy altar of Qazlal.
    19 | D        | Found an iron altar of Okawaru.
    19 | D        | Found a sparkling altar of Nemelex Xobeh.
    19 | D        | Found a burning altar of Makhleb.
    19 | D        | Found a blossoming altar of Fedhas.
    19 | D        | Found a white marble altar of Elyvilon.
    19 | D        | Found a shadowy altar of Dithmenos.
    19 | D        | Found a snail-covered altar of Cheibriados.
    20 | D        | Found a radiant altar of Vehumet.
    20 | D        | Found a corrupted altar of Lugonu.
    21 | D        | Found an ancient bone altar of Kikubaaqudgha.
    21 | D        | Found a hide-covered altar of Uskayaw.
    21 | D        | Found a broken altar of Ashenzari.
    26 | D        | Became a worshipper of Qazlal Stormbringer
    66 | D        | Reached * piety under Qazlal
    79 | D        | Reached skill level 1 in Invocations
    79 | D        | Reached XP level 2. HP: 31/31 MP: 1/1
   231 | D        | Noticed an ogre
   245 | D        | Reached ** piety under Qazlal
   247 | D        | Slain by an ogre

Illustrated notes

Levels and vault maps discovered:
D:        pitsprint [storerooms_1, entrance_room_1, metal_vault_2, armoury_1,
          mini_pit_1, grid_room_1, main_hall_1, silver_pit, the_coven_1,
          the_vestibule_1, steel_vault_2, golden_pit, hallway_of_sentries,
          crystal_vault_4, iron_vault_2, final_vault]

Skill      XL: |  1  2 |
---------------+-------+-----
Shields        | 3 |  3.4
Fighting       | 3 |  3.1
Invocations    | 1 |  1.7
Dodging        | 3 |  3.1
Unarmed Combat | 3 |  3.0

Action                     || total
---------------------------++-------
  Melee: Unarmed           ||    29
 Armour: Robe              ||    14
  Dodge: Dodged            ||    10
  Block: Kite shield       ||    16

Table legend: (Time is in decaauts)
 A = Elapsed time spent in this place.
 B = Non-inter-level travel time spent in this place.
 C = Inter-level travel time spent in this place.
 D = Time resting spent in this place.
 E = Time spent auto-exploring this place.
 F = Levels seen in this place.
 G = Mean time per level.
                   A        B        C        D        E       F      G
               +--------+--------+--------+--------+--------+-----+--------+
         Total |    249 |    249 |      0 |    147 |      0 |   1 |  249.0 |
       Dungeon |    249 |    249 |      0 |    147 |      0 |   1 |  249.0 |
               +--------+--------+--------+--------+--------+-----+--------+

Top non-repeatable levels by time:
       D: 249 daAuts
